 Dungeon Crawl Stone Soup version 0.30-a0-269-gf0224bf7b6 (webtiles) character file.

Game seed: 4416278408515671101

1409 themarg the Fighter (level 8, -2/79 HPs)
             Began as a Minotaur Monk on Oct 14, 2022.
             Was a Priest of Okawaru.
             Slain by a steam dragon (8 damage)
             ... on level 6 of the Dungeon.
             The game lasted 00:18:30 (5309 turns).

themarg the Fighter (Minotaur Monk)                 Turns: 5309, Time: 00:18:30

Health: -2/79      AC: 12    Str: 18    XL:     8   Next: 42%
Magic:  8/10       EV: 14    Int:  7    God:    Okawaru [***...]
Gold:   127        SH:  0    Dex: 13    Spells: 7/7 levels left

rFire   . . .      SeeInvis .    a - +0 hand axe
rCold   . . .      Faith    .    (no shield)
rNeg    + . .      Spirit   .    C - +0 chain mail
rPois   .          Reflect  .    (helmet restricted)
rElec   .          Harm     .    h - +0 cloak
rCorr   .          Rampage  .    (no gloves)
Will    .....                    (no boots)
Stlth   ..........               (no amulet)
HPRegen 0.33/turn                o - ring of positive energy
MPRegen 0.12/turn                u - +4 ring of evasion

@: heroic, studying Summonings
A: horns 2, retaliatory headbutt
a: Renounce Religion, Heroism


You were on level 6 of the Dungeon.
You worshipped Okawaru.
Okawaru was most pleased with you.
You visited 2 branches of the dungeon, and saw 7 of its levels.
You also visited: Sewer.

You collected 271 gold pieces.
You spent 144 gold pieces at shops.

Inventory:

Hand Weapons
 a - a +0 hand axe (weapon)
Missiles
 e - 24 stones (quivered)
 n - 28 poisoned darts
 q - 6 silver boomerangs
 w - 9 boomerangs
Armour
 g - a +0 kite shield
 h - a +0 cloak (worn)
 C - a +0 chain mail (worn)
Jewellery
 o - a ring of positive energy (left hand)
 u - a +4 ring of evasion (right hand)
Wands
 r - a wand of roots (10)
Scrolls
 d - a scroll of vulnerability
 i - a scroll of blinking {unknown}
 k - 4 scrolls of teleportation
 l - 2 scrolls of identify
 m - a scroll of enchant armour {unknown}
 p - 2 scrolls of butterflies {unknown}
 v - a scroll of summoning {unknown}
 y - 4 scrolls of immolation
 D - a scroll of amnesia {unknown}
Potions
 b - 2 potions of mutation
 c - a potion of ambrosia
 f - a potion of cancellation {unknown}
 j - 3 potions of heal wounds
 s - 7 potions of curing
 t - 3 potions of flight
 x - 3 potions of berserk rage
 z - a potion of might {unknown}
 A - 2 potions of degeneration {unknown}
 B - 2 potions of brilliance {unknown}


   Skills:
 - Level 10.0(15.0) Fighting
 - Level 4.0(9.0) Axes
 - Level 3.0(8.0) Armour
 - Level 3.6(8.6) Dodging
 - Level 2.0(7.0) Stealth
 + Level 4.6(9.6) Shields
 + Level 4.0 Invocations


You had 7 spell levels left.
You didn't know any spells.
Your spell library contained the following spells:

 Spells                   Type           Power      Damage    Failure   Level
 Foxfire                  Conj/Fire      0%         2x1d4     99%         1
 Ensorcelled Hibernation  Hex/Ice        0%         N/A       100%        2
 Passwall                 Tmut/Erth      0%         N/A       100%        2
 Swiftness                Air            0%         N/A       100%        3
 Fireball                 Conj/Fire      0%         3d3       100%        5
 Starburst                Conj/Fire      0%         6d3       100%        6
 Summon Small Mammal      Summ           Unusable   N/A       N/A         1
 Call Canine Familiar     Summ           Unusable   N/A       N/A         3
 Summon Guardian Golem    Hex/Summ       Unusable   N/A       N/A         3

Dungeon Overview and Level Annotations

Branches:
Dungeon (6/15)             Temple (1/1) D:4           Sewer (visited)

Altars:
Ashenzari
Dithmenos
Elyvilon
Fedhas
Gozag
Hepliaklqana
Kikubaaqudgha
Makhleb
Okawaru
Qazlal
Ru
Trog
Uskayaw
Vehumet
Wu Jian
Xom

Shops:
D:1 =   D:5 !

Annotations:
D:2 1 exclusion, Terence
D:4 Dowan


Innate Abilities, Weirdness & Mutations

You have a pair of horns on your head.
You reflexively headbutt those who attack you in melee.


Message History

You barely miss the steam dragon.
The steam dragon is lightly wounded.
You hit the adder. The adder closely misses you. You furiously retaliate!
You headbutt the adder.
You kill the adder!
Okawaru accepts your kill. The steam dragon bites you.
The steam dragon claws you.
You hit the steam dragon.
The steam dragon is lightly wounded.
The steam dragon misses you. x2
You hit the steam dragon.
The steam dragon is moderately wounded.
The steam dragon breathes steam at you. The ball of steam hits you!
* * * LOW HITPOINT WARNING * * *
The steam dragon bites you.
* * * LOW HITPOINT WARNING * * *
The steam dragon claws you.
* * * LOW HITPOINT WARNING * * *
You gain the combat prowess of a mighty hero.
The steam dragon barely misses you.
The steam dragon claws you but does no damage.
You barely miss the steam dragon.
The steam dragon is moderately wounded.
The steam dragon bites you.
* * * LOW HITPOINT WARNING * * *
The steam dragon closely misses you.
You barely miss the steam dragon.
The steam dragon is moderately wounded.
The steam dragon misses you. You furiously retaliate!
You headbutt the steam dragon. The steam dragon misses you.
You barely miss the steam dragon.
The steam dragon is heavily wounded.
The steam dragon bites you!
* * * LOW HITPOINT WARNING * * *
The steam dragon barely misses you.
You hit the steam dragon. Your headbutt misses the steam dragon.
The steam dragon is severely wounded.
The steam dragon bites you!
You die...

..... ..... ....##
##+#### #....
......#
.##....####......#
..................
?.................
.....?.<.@.$......
.........D........
.........†........
####.#............
#.#...........< #
#............
#...........>
.......######
.........


You could see a steam dragon.

Vanquished Creatures
  Sigmund (D:2)
  A water moccasin (D:5)
  2 ogres (D:5)
  2 kobold brigands (Sewer)
  4 scorpions
  A howler monkey (D:4)
  An orc priest (D:4)
  A hound (D:5)
  A jelly (D:4)
  A gnoll bouda (D:5)
  Jessica (D:2)
  3 iguanas
  2 orc wizards
  Ijyb (D:3)
  5 gnolls
  8 adders
  3 river rats (Sewer)
  4 worms
  4 dart slugs
  12 orcs
  6 bats
  5 endoplasms
  2 giant cockroaches
  7 goblins
  7 hobgoblins
  3 jackals
  2 quokkas (D:3)
  5 ball pythons
  4 frilled lizards
  14 kobolds
  11 rats
124 creatures vanquished.

Notes
Turn   | Place    | Note
-------+----------+-------------------------------------------
     0 | D:1      | themarg the Minotaur Monk began the quest for the Orb.
     0 | D:1      | Reached XP level 1. HP: 19/19 MP: 0/0
    18 | D:1      | Reached XP level 2. HP: 15/27 MP: 1/1
   107 | D:1      | Found Gielopog's Jewellery Shop.
   330 | D:1      | Reached skill level 4 in Fighting
   431 | D:1      | Reached XP level 3. HP: 29/33 MP: 2/2
   716 | D:2      | Noticed Sigmund
   823 | D:2      | Noticed Terence
   854 | D:2      | Reached skill level 5 in Fighting
   891 | D:2      | Killed Sigmund
   892 | D:2      | Reached skill level 7 in Fighting
   892 | D:2      | Reached XP level 4. HP: 12/47 MP: 3/3
   892 | D:2      | Reached XP level 5. HP: 13/52 MP: 4/4
  1153 | D:2      | Noticed Jessica
  1163 | D:2      | Killed Jessica
  1190 | D:2      | Reached XP level 6. HP: 51/60 MP: 5/5
  1894 | D:3      | Noticed Ijyb
  1901 | D:3      | Killed Ijyb
  1989 | D:3      | Found a hide-covered altar of Uskayaw.
  2060 | D:3      | Found a shadowy altar of Dithmenos.
  2084 | D:3      | Reached skill level 8 in Fighting
  2273 | D:3      | Found a glowing drain.
  2285 | Sewer    | Entered a sewer
  2423 | Sewer    | Reached skill level 9 in Fighting
  2423 | Sewer    | Reached XP level 7. HP: 64/70 MP: 6/6
  2470 | Sewer    | Found a white marble altar of Elyvilon.
  3402 | D:4      | Found a bloodstained altar of Trog.
  3439 | D:4      | Found a staircase to the Ecumenical Temple.
  3446 | Temple   | Entered the Ecumenical Temple
  3566 | Temple   | Became a worshipper of Warmaster Okawaru
  3566 | Temple   | Reached * piety under Okawaru
  3566 | Temple   | Reached ** piety under Okawaru
  3856 | D:4      | Noticed Dowan
  4010 | D:4      | Reached skill level 10 in Fighting
  4186 | D:4      | Reached skill level 1 in Armour
  4233 | D:4      | Reached skill level 1 in Invocations
  4383 | D:5      | Entered Level 5 of the Dungeon
  4473 | D:5      | Reached skill level 1 in Shields
  4669 | D:5      | Reached XP level 8. HP: 59/79 MP: 5/8
  4895 | D:5      | Found Wisim's Distillery.
  4898 | D:5      | Bought a potion of curing for 36 gold pieces
  4898 | D:5      | Bought a potion of curing for 36 gold pieces
  4898 | D:5      | Bought a potion of curing for 36 gold pieces
  4898 | D:5      | Bought a potion of curing for 36 gold pieces
  4936 | D:5      | Reached *** piety under Okawaru
  5309 | D:6      | Slain by a steam dragon

Illustrated notes

Levels and vault maps discovered:
D:1:      kennysheep_arrival_forest, layout_rooms, serial_shops, shop,
          minmay_rat_gold_closets
D:2:      layout_basic, minmay_crystal_room, uniq_jessica, uniq_terence,
          uniq_sigmund
D:3:      layout_loops_corners, mainiacjoe_overflow_six_doors_small,
          mainiacjoe_overflow_cross_hatched, portal_sewer_entry_d, uniq_ijyb
D:4:      layout_cave_pods, led_sif_book, trog_book, minmay_temple_entry_arrows,
          serial_column_ruins, column_ruins_hut, column_ruins_hut,
          column_ruins_open_medium, column_ruins_grid_1,
          column_ruins_corridor_straight, column_ruins_corridor_straight,
          column_ruins_grid_1, uniq_duvessa
D:5:      layout_cave_pools, serial_shops, kennysheep_mini
D:6:      layout_basic, cheibriados_altar_1, grunt_ministairs_15,
          nicolae_grassy_gnolls
Temple:   dshaligram_water_room_temple

Skill      XL: |  1  2  3  4  5  6  7  8 |
---------------+-------------------------+-----
Axes           | 4 |  4.0
Stealth        | 2 |  2.0
Fighting       | 4 7 9 10 | 10.0
Armour         | 2 3 |  3.0
Invocations    | 2 4 |  4.0
Shields        | 2 4 |  4.6
Dodging        | |  3.6

Action                   |  1- 3 |  4- 6 |  7- 9 || total
-------------------------+-------+-------+-------++-------
Melee: Hand axe          |   101 |    90 |   151 ||   342
       Headbutt          |    14 |    14 |    31 ||    59
       Punch             |     1 |     1 |       ||     2
Invok: Heroism           |       |       |     3 ||     3
  Use: Potion            |     1 |       |       ||     1
       Scroll            |       |     1 |     5 ||     6
 Stab: Sleeping          |     3 |       |     2 ||     5
       Distracted        |       |     1 |       ||     1
Armor: Ring mail         |    32 |    32 |    13 ||    77
       Robe              |     6 |       |       ||     6
       Chain mail        |       |       |    37 ||    37
Dodge: Dodged            |    45 |    49 |   116 ||   210

Table legend: (Time is in decaauts)
 A = Elapsed time spent in this place.
 B = Non-inter-level travel time spent in this place.
 C = Inter-level travel time spent in this place.
 D = Time resting spent in this place.
 E = Time spent auto-exploring this place.
 F = Levels seen in this place.
 G = Mean time per level.
                   A        B        C        D        E       F      G
               +--------+--------+--------+--------+--------+-----+--------+
         Total |   5365 |   5027 |    338 |    525 |   3271 |   8 |  670.6 |
       Dungeon |   4940 |   4617 |    323 |    471 |   3063 |   6 |  823.3 |
        Temple |    136 |    121 |     15 |      0 |    101 |   1 |  136.0 |
         Sewer |    287 |    287 |      0 |     54 |    107 |   1 |  287.0 |
               +--------+--------+--------+--------+--------+-----+--------+

Top non-repeatable levels by time:
     D:4: 1224 daAuts
     D:2: 1170 daAuts
     D:3: 1163 daAuts
     D:5: 698 daAuts
     D:1: 668 daAuts
   Sewer: 287 daAuts
  Temple: 136 daAuts
     D:6: 16 daAuts
